 Dungeon Crawl Stone Soup version 0.30.1-11-g7821555f0a (webtiles) character file.

Game seed: 14632073289309166132

65 Illumlnatl the Chopper (level 3, 0/33 HPs)
             Began as a Minotaur Berserker on Dec 27, 2023.
             Was a Believer of Trog.
             Slain by a small abomination (19 damage)
             ... on level 3 of the Dungeon.
             The game lasted 00:14:50 (2074 turns).

Illumlnatl the Chopper (Minotaur Berserker)         Turns: 2074, Time: 00:14:51

Health: 0/33       AC:  7    Str: 23    XL:     3   Next: 92%
Magic:  2/2        EV: 11    Int:  4    God:    Trog [**....]
Gold:   164        SH:  0    Dex:  9    Spells: 2/2 levels left

rFire   . . .        a - +0 hand axe (vamp)
rCold   . . .        (no shield)
rNeg    . . .        j - +1 ring mail
rPois   .            (helmet restricted)
rElec   .            (no cloak)
rCorr   .            (no gloves)
SInv    .            c - +0 pair of boots
Will    .....        (no amulet) Stlth
                     (no ring)
HPRegen 0.25/turn    (no ring)
MPRegen 0.08/turn

%: no passive effects
@: no status effects
A: horns 2, retaliatory headbutt
a: Renounce Religion, Berserk, Trog's Hand


You were on level 3 of the Dungeon.
You worshipped Trog.
Trog was pleased with you.
You visited 1 branch of the dungeon, and saw 3 of its levels.

You collected 164 gold pieces.

Inventory:

Hand Weapons
 a - a +0 vampiric hand axe (weapon)
 k - a +0 flail
Missiles
 d - 39 stones (quivered)
 m - 3 poisoned darts
Armour
 c - a +0 pair of boots (worn)
 j - a +1 ring mail (worn)
Magical Staves
 n - a staff of death
Scrolls
 b - a scroll of enchant armour
 g - 5 scrolls of identify {unknown}
 l - a scroll of fog {unknown}
Potions
 h - a potion of brilliance {unknown}
 i - a potion of might {unknown}
 o - a potion of heal wounds {unknown}


   Skills:
 + Level 4.2 Fighting
 + Level 4.5(4.6) Axes
 * Level 1.1(3.0) Maces & Flails
 + Level 2.8 Armour
 + Level 2.8 Dodging


You had 2 spell levels left.
You didn't know any spells.
Your spell library contained the following spells:

 Spells                   Type           Power      Damage    Failure   Level
 Blink                    Tloc           0%         N/A       80%         2
 Lesser Beckoning         Tloc           0%         N/A       80%         2
 Momentum Strike          Conj/Tloc      0%         3d8       80%         2
 Dazzling Flash           Conj/Hex       0%         N/A       95%         3
 Agony                    Necr           0%         N/A       100%        5
 Silence                  Hex/Air        0%         N/A       100%        5


Dungeon Overview and Level Annotations

Branches:
Dungeon (3/15)

Altars:
Ashenzari

Shops:
D:1 :

Portals:
Abyss: D:3

Annotations:
D:3 1 transporter, TheBioAlchemist's ghost, weakling DjSu


Innate Abilities, Weirdness & Mutations

You have a pair of horns on your head.
You reflexively headbutt those who attack you in melee.


Message History

You don't know any spells.
You don't know any spells.
As you read the scroll labelled PYIMAE BIAVE, it crumbles to dust.
It is a scroll of enchant armour.
Your +0 ring mail glows green for a moment.
As you read the scroll labelled AFRYS FUOPHINT, it crumbles to dust.
It is a scroll of brand weapon.
Really abort (and waste the scroll)?
Uppercase [Y]es or [N]o only, please.
Really abort (and waste the scroll)?
Your +0 hand axe thirsts for the lives of mortals!
a - a +0 vampiric hand axe You feel a sense of dread.
a - a +0 vampiric hand axe (weapon)
As you read the scroll labelled UWNALUW SUNO, it crumbles to dust.
You feel strangely unstable.
It was a scroll of teleportation.
Your surroundings suddenly seem different.
Found 12 gold pieces.
Found a falchion.
Found a one-way gate to the infinite horrors of the Abyss.
There is a transporter landing site here.
You now have 164 gold pieces (gained 12).
There are no items here.
An endoplasm comes into view.
The endoplasm quivers.
The endoplasm barely misses you.
Found a scroll labelled ACWULYO RYOQIO.
The endoplasm barely misses you.
You slash the endoplasm!
You kill the endoplasm!
Trog accepts your kill.
There is a transporter here.
You enter the transporter and appear at another place.
The small abomination barely misses you.
The small abomination misses you. The small abomination hits you.
The small abomination hits you! The small abomination misses you.
You furiously retaliate!
You headbutt the small abomination! The small abomination hits you!!
Ouch! That really hurt!
You die...

#.###...##....$...
#........##.#....# ##
#.##......#x# .9.. ..
##...###W..###..#^##... ..
#..## ###.##..##...##..
#..###.##....#∩.# ......
#..#?.##...###.#.##...###
#..##.##..##x.#.#.#......#
#...#.##.©#@.#.x.##...# .###
#...#9##..##x.####...###...#
#...###....####©.........#
#...........##.......#.#.#
#....................#.# #
#....................#.#.#.#
#########....###...###.....#
#...####...### ###.###
#....... #...# .#


You could see 2 small abominations.

Vanquished Creatures
  2 adders (D:2)
  2 dart slugs (D:1)
  An orc (D:3)
  4 endoplasms
  3 giant cockroaches (D:2)
  3 goblins
  A hobgoblin (D:1)
  4 jackals
  5 kobolds
  3 quokkas
  5 ball pythons
  2 bats
  5 rats
40 creatures vanquished.

Notes
Turn   | Place    | Note
-------+----------+-------------------------------------------
     0 | D:1      | Illumlnatl the Minotaur Berserker began the quest for the
                  | Orb.
     0 | D:1      | Reached XP level 1. HP: 19/19 MP: 0/0
   136 | D:1      | Found Jyng's Book Shop.
   351 | D:1      | Reached XP level 2. HP: 27/27 MP: 1/1
   611 | D:1      | Reached ** piety under Trog
   832 | D:1      | Reached XP level 3. HP: 31/33 MP: 2/2
  1020 | D:2      | Found a broken altar of Ashenzari.
  1511 | D:2      | Reached skill level 1 in Maces & Flails
  1937 | D:3      | Found a transporter.
  1948 | D:3      | Noticed a small abomination
  1960 | D:3      | Noticed a toenail golem
  1963 | D:3      | Noticed TheBioAlchemist's ghost (weakling DjSu)
  1999 | D:3      | Found a transporter.
  2051 | D:3      | Found a one-way gate to the infinite horrors of the Abyss.
  2074 | D:3      | Slain by a small abomination

Illustrated notes

Levels and vault maps discovered:
D:1:      dpeg_arrival_solitude, layout_basic, serial_shops, shop,
          wad_floor_pattern_2, dreamdust_wishing_well,
          chequers_serial_rivers_micro_c
D:2:      layout_basic, basic_altar, chequers_serial_rivers_small_3,
          kennysheep_generic_room_14
D:3:      layout_basic, general_overflow_altar, hangedman_ru_absence,
          gammafunk_ghost_abyssal_escape

Skill      XL: |  1  2  3 |
---------------+----------+-----
Axes           | 4 |  4.5
Fighting       | 4 |  4.2
Maces & Flails | 1 |  1.1
Armour         | |  2.8
Dodging        | |  2.8

Action                     || total
---------------------------++-------
  Melee: Hand axe          ||    69
         Headbutt          ||    12
         Staff             ||     7
  Throw: Stone             ||     2
    Use: Scroll            ||     3
 Armour: Animal skin       ||     5
         Robe              ||     9
         Ring mail         ||     8
  Dodge: Dodged            ||    65
